[Event "Centenario Panaderia Pulido 2023"]
[Site "San Mateo Gran Canaria"]
[Date "2023.12.04"]
[Round "1.1"]
[White "Basualdo De Ornelas, Jorge"]
[Black "Korneev, Oleg"]
[Result "0-1"]
[ECO "B43"]
[WhiteElo "1624"]
[BlackElo "2470"]
[Annotator "RC"]
[PlyCount "114"]
[EventDate "2023.12.04"]
[EventType "swiss"]
[EventCountry "ESP"]
[SourceTitle "playchess.com"]
[Source "ChessBase"]
[SourceQuality "1"]
[TimeControl "5400+30"]

1. e4 c5 2. Nf3 e6 3. d4 cxd4 4. Nxd4 a6 5. Nc3 Qc7 6. g3 Bb4 7. Bd2 Nc6 8. Nxc6 dxc6 9. Bg2 e5 10. O-O Be7 11. a4 a5 12. Nb1 Nf6 13. Na3 O-O 14. h3 b6 15. c4 Rd8 16. Qe2 Nd7 17. Be3 Nc5 18. Bxc5 Bxc5 19. Nc2 Be6 20. Rad1 Rd6 21. Rxd6 Qxd6 22. Rd1 Bxc4 23. Rxd6 Bxe2 24. Rd7 Bc4 25. Bf1 Bb3 26. Ne3 Bxe3 27. fxe3 Bxa4 28. Bc4 Rf8 29. Kf2 Bc2 30. Kf3 b5 31. Ba2 g6 32. Rd2 Ba4 33. b3 Bxb3 34. Bxb3 a4 35. Bd1 Ra8 36. g4 Kf8 37. Ke2 Ke7 38. g5 h6 39. gxh6 Rh8 40. Kd3 Rxh6 41. Bg4 Kd6 42. Kc3+ Kc5 43. Kb2 g5 44. Rd7 Rf6 45. Bf5 Kb4 46. Rd3 c5 47. Ka2 Rb6 48. Rd7 Kc3 49. Rd1 Kc2 50. Rg1 b4 51. Rg2+ Kc3 52. Bd7 b3+ 53. Kb1 a3 54. Rg1 a2+ 55. Ka1 b2+ 56. Kxa2 Ra6+ 57. Kb1 Ra1# 0-1

[Event "Centenario Panaderia Pulido 2023"]
[Site "San Mateo Gran Canaria"]
[Date "2023.12.04"]
[Round "1.2"]
[White "Kurajica, Bojan"]
[Black "Julien Casteleiro, Ariel"]
[Result "1-0"]
[ECO "E09"]
[WhiteElo "2446"]
[BlackElo "1609"]
[Annotator "RC"]
[PlyCount "53"]
[EventDate "2023.12.04"]
[EventType "swiss"]
[EventCountry "ESP"]
[SourceTitle "playchess.com"]
[Source "ChessBase"]
[SourceQuality "1"]
[TimeControl "5400+30"]

1. d4 d5 2. c4 c6 3. Qc2 Nf6 4. Nf3 e6 5. g3 Be7 6. Bg2 Nbd7 7. O-O O-O 8. Nbd2 a6 9. e4 dxe4 10. Nxe4 Nxe4 11. Qxe4 Nf6 12. Qe2 Re8 13. Rd1 Qa5 14. Bd2 Qb6 15. b4 Bf8 16. Rab1 Qa7 17. Bg5 Be7 18. Ne5 Nd7 19. Bxe7 Rxe7 20. Bxc6 Nxe5 21. dxe5 Qb6 22. Ba4 Qc7 23. Qd3 g6 24. Qd8+ Kg7 25. c5 b5 26. cxb6 Qb7 27. Rbc1 1-0

[Event "Centenario Panaderia Pulido 2023"]
[Site "San Mateo Gran Canaria"]
[Date "2023.12.04"]
[Round "1.3"]
[White "Rivero Pena, Himar"]
[Black "Strikovic, Aleksa"]
[Result "0-1"]
[ECO "B28"]
[WhiteElo "1594"]
[BlackElo "2455"]
[Annotator "RC"]
[PlyCount "74"]
[EventDate "2023.12.04"]
[EventType "swiss"]
[EventCountry "ESP"]
[SourceTitle "playchess.com"]
[Source "ChessBase"]
[SourceQuality "1"]
[TimeControl "5400+30"]

1. e4 c5 2. Nf3 a6 3. d4 cxd4 4. Nxd4 Nf6 5. Bd3 e5 6. Nb3 d5 7. exd5 Nxd5 8. O-O Nc6 9. c4 Ndb4 10. Be4 Be6 11. Bxc6+ Nxc6 12. Qe2 Qh4 13. f4 Bd6 14. g3 Qg4 15. Qxg4 Bxg4 16. Nc3 O-O-O 17. Be3 f6 18. Nd5 Kb8 19. Rac1 Rhe8 20. Bb6 Rc8 21. c5 Bf8 22. Rfe1 Bf3 23. Ne3 exf4 24. Nf5 Ne5 25. Nd6 Bxd6 26. cxd6 Rxc1 27. Rxc1 fxg3 28. hxg3 Bc6 29. Nc5 Kc8 30. Rd1 h5 31. b3 h4 32. gxh4 Rh8 33. Ne6 Rxh4 34. Kf2 g5 35. Bc7 Rh3 36. Rf1 Ng4+ 37. Ke1 Re3+ 0-1

[Event "Centenario Panaderia Pulido 2023"]
[Site "San Mateo Gran Canaria"]
[Date "2023.12.04"]
[Round "1.4"]
[White "Larino Nieto, David"]
[Black "Fernandez Fernandez, Carlos II"]
[Result "1-0"]
[ECO "A11"]
[WhiteElo "2366"]
[BlackElo "1584"]
[Annotator "RC"]
[PlyCount "63"]
[EventDate "2023.12.04"]
[EventType "swiss"]
[EventCountry "ESP"]
[SourceTitle "playchess.com"]
[Source "ChessBase"]
[SourceQuality "1"]
[TimeControl "5400+30"]

1. Nf3 d5 2. b3 Nf6 3. Bb2 g6 4. c4 Bg7 5. cxd5 O-O 6. g3 Nxd5 7. Bxg7 Kxg7 8. Bg2 c6 9. O-O Nd7 10. e4 N5f6 11. Qc2 e5 12. d4 Re8 13. dxe5 Nxe5 14. Nxe5 Rxe5 15. Rd1 Qb6 16. Qb2 Qc5 17. Nc3 Bg4 18. Rd2 Rae8 19. Rc1 Qb6 20. h3 Bd7 21. Rxd7 Nxd7 22. Na4 Qb4 23. a3 Qe7 24. f4 b5 25. Nc3 Qc5+ 26. Kh2 Qe3 27. Nd1 Qe1 28. Nf2 Qe3 29. Rxc6 Kg8 30. Ng4 Qd3 31. fxe5 h5 32. Rd6 1-0

[Event "Centenario Panaderia Pulido 2023"]
[Site "San Mateo Gran Canaria"]
[Date "2023.12.04"]
[Round "1.5"]
[White "Mukhi Talreja, Ishita Tina"]
[Black "Yao, Stefano"]
[Result "0-1"]
[ECO "A20"]
[WhiteElo "1575"]
[BlackElo "2288"]
[Annotator "RC"]
[PlyCount "86"]
[EventDate "2023.12.04"]
[EventType "swiss"]
[EventCountry "ESP"]
[SourceTitle "playchess.com"]
[Source "ChessBase"]
[SourceQuality "1"]
[TimeControl "5400+30"]

1. c4 e5 2. g3 Nf6 3. Bg2 c6 4. d4 exd4 5. Qxd4 Na6 6. a3 Be7 7. Nf3 Nc5 8. Qd1 a5 9. O-O a4 10. Nd4 O-O 11. Nf5 Nb3 12. Ra2 Bc5 13. Be3 d5 14. Bxc5 Nxc5 15. Ne3 dxc4 16. Nc3 Be6 17. Ra1 Qc7 18. Qc2 b5 19. Rad1 Rad8 20. Rxd8 Rxd8 21. Rd1 Rd7 22. Rxd7 Qxd7 23. Na2 Nb3 24. Nc1 Nd4 25. Qc3 h5 26. Nf1 c5 27. Qa5 Bg4 28. Qa8+ Kh7 29. e3 Nc2 30. Be4+ Nxe4 31. Qxe4+ Bf5 32. Qf3 g6 33. Na2 Bg4 34. Qf6 Kg8 35. Nc3 Ne1 36. h4 Bf3 37. Nh2 Qh3 38. Qxf3 Nxf3+ 39. Nxf3 Qd7 40. Ne4 Kg7 41. Kg2 Qc6 42. Ned2 Qf6 43. Ne4 Qxb2 0-1

[Event "Centenario Panaderia Pulido 2023"]
[Site "San Mateo Gran Canaria"]
[Date "2023.12.04"]
[Round "1.7"]
[White "Quevedo Olivares, Carlos Tomas"]
[Black "Calzetta Ruiz, Monica"]
[Result "0-1"]
[ECO "C58"]
[WhiteElo "1555"]
[BlackElo "2239"]
[Annotator "RC"]
[PlyCount "44"]
[EventDate "2023.12.04"]
[EventType "swiss"]
[EventCountry "ESP"]
[SourceTitle "playchess.com"]
[Source "ChessBase"]
[SourceQuality "1"]
[TimeControl "5400+30"]

1. e4 e5 2. Nf3 Nc6 3. Bc4 Nf6 4. Ng5 d5 5. exd5 Na5 6. Bb5+ c6 7. dxc6 bxc6 8. Qf3 cxb5 9. Qxa8 Qc7 10. Nc3 Nc6 11. Nxb5 Qd7 12. d4 Bb4+ 13. c3 O-O 14. Nxa7 Bb7 15. Qxf8+ Bxf8 16. Nxc6 Qxc6 17. d5 Qxd5 18. Nf3 Ba6 19. b3 Qd3 20. c4 Qc3+ 21. Nd2 Qxa1 22. O-O Qxa2 0-1

[Event "Centenario Panaderia Pulido 2023"]
[Site "San Mateo Gran Canaria"]
[Date "2023.12.04"]
[Round "1.8"]
[White "Oudeh Mishmesh, Omar"]
[Black "Oudeh Mishmesh, Lara"]
[Result "1-0"]
[ECO "D02"]
[WhiteElo "2247"]
[BlackElo "1503"]
[Annotator "ChessBase"]
[PlyCount "34"]
[EventDate "2023.12.04"]
[EventType "swiss"]
[EventCountry "ESP"]
[SourceTitle "playchess.com"]
[Source "ChessBase"]
[SourceQuality "1"]
[TimeControl "5400+30"]

1. d4 Nf6 2. Nf3 d5 3. Bf4 Bf5 4. e3 c6 5. Bd3 Bxd3 6. Qxd3 g6 7. Nbd2 Bg7 8. h4 O-O 9. h5 Nbd7 10. hxg6 fxg6 11. Ng5 Qb6 12. Ne6 Rf7 13. Bh6 Ne8 14. Bxg7 Nxg7 15. Ng5 Ne6 16. Nxf7 Kxf7 17. Rxh7+ Kg8 1-0

[Event "Centenario Panaderia Pulido 2023"]
[Site "San Mateo Gran Canaria"]
[Date "2023.12.04"]
[Round "1.9"]
[White "Vargas Tinoco, Martin Alonso"]
[Black "Estremera Panos, Sergio"]
[Result "0-1"]
[ECO "A45"]
[WhiteElo "1535"]
[BlackElo "2232"]
[Annotator "RC"]
[PlyCount "78"]
[EventDate "2023.12.04"]
[EventType "swiss"]
[EventCountry "ESP"]
[SourceTitle "playchess.com"]
[Source "ChessBase"]
[SourceQuality "1"]
[TimeControl "5400+30"]

1. d4 Nf6 2. Bf4 g6 3. Nc3 d5 4. Nb5 Na6 5. Nf3 Bg7 6. e3 O-O 7. Be2 Bf5 8. c3 c6 9. Na3 Nc7 10. Qb3 Nh5 11. Be5 Bc8 12. O-O Ne8 13. c4 e6 14. cxd5 exd5 15. Rac1 f6 16. Bg3 Nxg3 17. hxg3 Nd6 18. Nb1 Bg4 19. Nbd2 Kh8 20. Bd3 Re8 21. Rc3 Be6 22. Qc2 a5 23. a4 Bf7 24. Rc1 Qe7 25. Nb3 Bf8 26. Nfd2 Qd8 27. Nc5 Kg7 28. Kf1 Be7 29. Be2 f5 30. Rb3 Rb8 31. Bf3 Bf6 32. Nd3 Ne4 33. Nc5 Nd6 34. Nd3 Qe7 35. Nc5 g5 36. Nd3 Ne4 37. Rb6 Nd6 38. Qc5 Qd8 39. Qc3 Qxb6 0-1

[Event "Centenario Panaderia Pulido 2023"]
[Site "San Mateo Gran Canaria"]
[Date "2023.12.04"]
[Round "1.11"]
[White "Roca Marrero, Fernando"]
[Black "Hernandez Leon, Alberto"]
[Result "0-1"]
[ECO "A45"]
[WhiteElo "1504"]
[BlackElo "2209"]
[Annotator "RC"]
[PlyCount "66"]
[EventDate "2023.12.04"]
[EventType "swiss"]
[EventCountry "ESP"]
[SourceTitle "playchess.com"]
[Source "ChessBase"]
[SourceQuality "1"]
[TimeControl "5400+30"]

1. d4 c5 2. c3 Nf6 3. Bf4 Qb6 4. Qc2 cxd4 5. cxd4 Nc6 6. e3 d5 7. a3 Bf5 8. Qc1 Na5 9. Nd2 Rc8 10. Qd1 Qxb2 11. Ne2 e6 12. e4 Nxe4 13. Nxe4 Bxe4 14. Rc1 Bc2 15. Qd2 Nb3 16. Qe3 Bxa3 17. f3 Nxc1 18. Nxc1 Qxc1+ 19. Qxc1 Bxc1 20. Bb5+ Kd8 21. Bxc1 Ba4 22. Bg5+ f6 23. Bxa4 fxg5 24. O-O Rc4 25. Bb5 Rxd4 26. Re1 Ke7 27. Rc1 Kd6 28. Kf2 Rb4 29. Bf1 g4 30. Rc3 Rf8 31. Kg3 gxf3 32. Rxf3 Rxf3+ 33. Kxf3 a5 0-1

[Event "Centenario Panaderia Pulido 2023"]
[Site "San Mateo Gran Canaria"]
[Date "2023.12.04"]
[Round "1.13"]
[White "Macias Reyes, Jose Luis"]
[Black "Doluhanova, Evgeniya"]
[Result "0-1"]
[ECO "D02"]
[WhiteElo "1459"]
[BlackElo "2177"]
[Annotator "RC"]
[PlyCount "70"]
[EventDate "2023.12.04"]
[EventType "swiss"]
[EventCountry "ESP"]
[SourceTitle "playchess.com"]
[Source "ChessBase"]
[SourceQuality "1"]
[TimeControl "5400+30"]

1. d4 Nf6 2. Bf4 e6 3. Nf3 c5 4. e3 Nc6 5. Nbd2 d5 6. c3 Nh5 7. Bg5 f6 8. Bh4 g6 9. Be2 Ng7 10. Bd3 Bd7 11. O-O Be7 12. dxc5 Bxc5 13. e4 dxe4 14. Nxe4 Be7 15. Bc2 O-O 16. Bg3 Nf5 17. h3 Nxg3 18. Nxg3 Qc7 19. Qe2 Kg7 20. Rfe1 f5 21. Bb3 Rae8 22. Rad1 Bc5 23. Ne5 Bc8 24. Kh1 Nxe5 25. Qxe5+ Qxe5 26. Rxe5 Bxf2 27. Ne2 Kf6 28. Rb5 Rd8 29. Nd4 e5 30. Nf3 Rxd1+ 31. Bxd1 Rd8 32. Bb3 e4 33. Nd4 Bxd4 34. cxd4 Rxd4 35. Rc5 Be6 0-1

[Event "Centenario Panaderia Pulido 2023"]
[Site "San Mateo Gran Canaria"]
[Date "2023.12.04"]
[Round "1.14"]
[White "Mamani Beltran, Deniman"]
[Black "Mesa Rodriguez, Antonio"]
[Result "1-0"]
[ECO "B20"]
[WhiteElo "2151"]
[BlackElo "1384"]
[Annotator "ChessBase"]
[PlyCount "41"]
[EventDate "2023.12.04"]
[EventType "swiss"]
[EventCountry "ESP"]
[SourceTitle "playchess.com"]
[Source "ChessBase"]
[SourceQuality "1"]
[TimeControl "5400+30"]

1. e4 c5 2. b3 d6 3. d4 cxd4 4. Qxd4 Nc6 5. Qd2 Nf6 6. Nc3 e5 7. Bb2 Be7 8. O-O-O Be6 9. Kb1 O-O 10. f4 exf4 11. Qxf4 Qa5 12. Nf3 Rfd8 13. g4 Nxg4 14. Nd5 Bf8 15. Rg1 Nge5 16. Nf6+ Kh8 17. Qh4 Qxa2+ 18. Kxa2 Nb4+ 19. Kb1 h6 20. Qxh6+ gxh6 21. Rg8# 1-0

[Event "Centenario Panaderia Pulido 2023"]
[Site "San Mateo Gran Canaria"]
[Date "2023.12.04"]
[Round "1.15"]
[White "Monteiro Rodrigues, Carlos"]
[Black "Moreno Diepa, Diego"]
[Result "0-1"]
[ECO "C14"]
[WhiteElo "1366"]
[BlackElo "2138"]
[Annotator "ChessBase"]
[PlyCount "76"]
[EventDate "2023.12.04"]
[EventType "swiss"]
[EventCountry "ESP"]
[SourceTitle "playchess.com"]
[Source "ChessBase"]
[SourceQuality "1"]
[TimeControl "5400+30"]

1. e4 e6 2. d4 d5 3. Nc3 Nf6 4. Bg5 Be7 5. e5 Nfd7 6. Bxe7 Qxe7 7. Nf3 a6 8. a3 c5 9. Bd3 cxd4 10. Ne2 Nc6 11. O-O Ndxe5 12. Re1 Nxd3 13. Qxd3 O-O 14. Nfxd4 Nxd4 15. Nxd4 Qf6 16. Nf3 Qg6 17. Qd2 f6 18. Re3 Qf7 19. c3 e5 20. Nh4 Be6 21. Rg3 Qh5 22. Nf3 Rad8 23. Re1 Rfe8 24. Qe3 Bf5 25. Qb6 Qf7 26. Nh4 Bg6 27. Nxg6 hxg6 28. Rh3 d4 29. Qb4 a5 30. Qxa5 d3 31. Qa4 e4 32. Qd1 f5 33. Qd2 f4 34. Rf1 e3 35. fxe3 fxe3 36. Rxe3 Qxf1+ 37. Kxf1 Rxe3 38. Qxe3 d2 0-1

[Event "Centenario Panaderia Pulido 2023"]
[Site "San Mateo Gran Canaria"]
[Date "2023.12.05"]
[Round "2.1"]
[White "Korneev, Oleg"]
[Black "Marrero Cardenes, Agustin"]
[Result "1-0"]
[ECO "B10"]
[WhiteElo "2470"]
[BlackElo "2106"]
[Annotator "RC"]
[PlyCount "158"]
[EventDate "2023.12.04"]
[EventType "swiss"]
[EventCountry "ESP"]
[SourceTitle "playchess.com"]
[Source "ChessBase"]
[SourceQuality "1"]
[TimeControl "5400+30"]

1. e4 c6 2. c4 d5 3. exd5 cxd5 4. cxd5 Nf6 5. Nc3 Nxd5 6. Nf3 Nc6 7. Bb5 e6 8. O-O Be7 9. d4 O-O 10. Re1 Bf6 11. Bxc6 bxc6 12. Ne4 Be7 13. Bg5 Rb8 14. Bxe7 Nxe7 15. b3 Qd5 16. Rc1 Qa5 17. Qd2 Qxd2 18. Nexd2 Rd8 19. Nc4 Bd7 20. Nce5 Be8 21. Rc4 Rd5 22. Rec1 Rbd8 23. h3 h6 24. Rc5 f6 25. Rxd5 Rxd5 26. Ng4 Bh5 27. Rc4 Bxg4 28. hxg4 Kf8 29. Ne1 Ke8 30. Nc2 Kd7 31. Ra4 Nc8 32. Ne3 Rb5 33. Kf1 Rb7 34. Ke2 Nb6 35. Ra6 Na8 36. Kd3 Nc7 37. Ra5 Nb5 38. f3 Nd6 39. Nc4 Nc8 40. Nd2 Rb5 41. Ra4 Kc7 42. Ne4 a5 43. Rc4 Nd6 44. Nxd6 Kxd6 45. Kc3 h5 46. a4 Rg5 47. gxh5 Rxg2 48. Rc5 Rf2 49. Rxa5 Rxf3+ 50. Kc4 Rf4 51. Ra7 Rg4 52. Kc3 Rg5 53. b4 Rxh5 54. Rxg7 Rh3+ 55. Kc4 Ra3 56. a5 f5 57. Rf7 Ra1 58. Kb3 Rb1+ 59. Kc3 Ra1 60. Kb2 Ra4 61. Rb7 Kd5 62. Kb3 Ra1 63. Rd7+ Ke4 64. Rd6 f4 65. Rxe6+ Kxd4 66. Rxc6 f3 67. Rf6 Rb1+ 68. Ka4 Ke3 69. Re6+ Kd4 70. Rf6 Ke3 71. a6 Ra1+ 72. Kb5 f2 73. Kb6 f1=Q 74. Rxf1 Rxf1 75. a7 Rf8 76. b5 Kd4 77. Kc6 Rf6+ 78. Kb7 Rf7+ 79. Ka6 Rf8 1-0

[Event "Centenario Panaderia Pulido 2023"]
[Site "San Mateo Gran Canaria"]
[Date "2023.12.05"]
[Round "2.2"]
[White "Medina Martin, Alberto"]
[Black "Kurajica, Bojan"]
[Result "1/2-1/2"]
[ECO "E27"]
[WhiteElo "2105"]
[BlackElo "2446"]
[Annotator "RC"]
[PlyCount "83"]
[EventDate "2023.12.04"]
[EventType "swiss"]
[EventCountry "ESP"]
[SourceTitle "playchess.com"]
[Source "ChessBase"]
[SourceQuality "1"]
[TimeControl "5400+30"]

1. d4 Nf6 2. c4 e6 3. Nc3 Bb4 4. f3 O-O 5. a3 Bxc3+ 6. bxc3 Ne8 7. e4 Nc6 8. Bd3 b6 9. f4 Ba6 10. Nf3 Na5 11. e5 f5 12. Qe2 d5 13. Ng5 Qc8 14. Qh5 h6 15. h4 Nf6 16. exf6 Rxf6 17. Nf3 Bxc4 18. Bxc4 Nxc4 19. Ne5 Nd6 20. Qe2 c5 21. O-O Ne4 22. Qd3 c4 23. Qc2 Qe8 24. Bd2 Kh7 25. a4 Rb8 26. Be1 Rb7 27. Qb1 g5 28. hxg5 hxg5 29. fxg5 Nxg5 30. Bh4 Qh5 31. Bxg5 Qxg5 32. Qc1 f4 33. Rf3 Rg7 34. Ra2 Qh4 35. Qc2+ Kg8 36. Qf2 Qh7 37. Qc2 Qh4 38. Qf2 Qh7 39. Qc2 Qh5 40. Qf2 Rg3 41. Kf1 Qh4 42. Qc2 1/2-1/2

[Event "Centenario Panaderia Pulido 2023"]
[Site "San Mateo Gran Canaria"]
[Date "2023.12.05"]
[Round "2.3"]
[White "Strikovic, Aleksa"]
[Black "Bergero, Simone"]
[Result "1-0"]
[ECO "A28"]
[WhiteElo "2455"]
[BlackElo "2010"]
[Annotator "RC"]
[PlyCount "53"]
[EventDate "2023.12.04"]
[EventType "swiss"]
[EventCountry "ESP"]
[SourceTitle "playchess.com"]
[Source "ChessBase"]
[SourceQuality "1"]
[TimeControl "5400+30"]

1. c4 e5 2. Nc3 Bb4 3. Qc2 Nf6 4. Nf3 Nc6 5. e3 O-O 6. Nd5 Re8 7. Qf5 d6 8. Nxf6+ Qxf6 9. Qxf6 gxf6 10. a3 Ba5 11. b4 Bb6 12. Bb2 a5 13. b5 Ne7 14. d4 Ng6 15. O-O-O Bf5 16. h4 Bg4 17. h5 Ne7 18. Rh4 Be6 19. c5 dxc5 20. dxe5 Rad8 21. Rxd8 Rxd8 22. exf6 Nf5 23. Rg4+ Kh8 24. Re4 h6 25. Rxe6 fxe6 26. g4 Nd6 27. f7+ 1-0

[Event "Centenario Panaderia Pulido 2023"]
[Site "San Mateo Gran Canaria"]
[Date "2023.12.05"]
[Round "2.4"]
[White "Camino Carrio, Nicanor"]
[Black "Larino Nieto, David"]
[Result "0-1"]
[ECO "B01"]
[WhiteElo "1948"]
[BlackElo "2366"]
[Annotator "RC"]
[PlyCount "38"]
[EventDate "2023.12.04"]
[EventType "swiss"]
[EventCountry "ESP"]
[SourceTitle "playchess.com"]
[Source "ChessBase"]
[SourceQuality "1"]
[TimeControl "5400+30"]

1. e4 d5 2. exd5 Qxd5 3. Nc3 Qa5 4. d4 Nf6 5. Bd2 Nc6 6. Bb5 Kd8 7. Qe2 a6 8. Bc4 Bg4 9. f3 Bf5 10. O-O-O Bxc2 11. Re1 Nxd4 12. Qf2 e5 13. Nge2 Qc5 14. Nxd4 exd4 15. Qe2 Bg6 16. b4 Qc6 17. Rd1 Bxb4 18. Kb2 dxc3+ 19. Bxc3+ Bd6 0-1

[Event "Centenario Panaderia Pulido 2023"]
[Site "San Mateo Gran Canaria"]
[Date "2023.12.05"]
[Round "2.5"]
[White "Yao, Stefano"]
[Black "Almenares Garcia, Mario Adrian"]
[Result "1-0"]
[ECO "B38"]
[WhiteElo "2288"]
[BlackElo "2000"]
[Annotator "RC"]
[PlyCount "109"]
[EventDate "2023.12.04"]
[EventType "swiss"]
[EventCountry "ESP"]
[SourceTitle "playchess.com"]
[Source "ChessBase"]
[SourceQuality "1"]
[TimeControl "5400+30"]

1. d4 Nf6 2. Nf3 g6 3. c4 c5 4. Nc3 Bg7 5. e4 cxd4 6. Nxd4 d6 7. Be2 O-O 8. O-O Nc6 9. Be3 Bd7 10. h3 a6 11. Nb3 Rc8 12. c5 Ne8 13. Rc1 Be6 14. cxd6 Nxd6 15. Nc5 Nc4 16. Nxe6 Qxd1 17. Nxd1 Nxe3 18. Nxf8 Nxf1 19. Nxg6 hxg6 20. Kxf1 Rd8 21. Ne3 Rd2 22. Nc4 Rd4 23. f3 b5 24. Ne3 Nb4 25. a3 Nd3 26. Rc8+ Bf8 27. Nc2 Rd6 28. Bxd3 Rxd3 29. Nb4 Rd2 30. Rc2 Rd6 31. Ke2 Bh6 32. Nd3 e6 33. h4 Rd4 34. Rc6 a5 35. Rc5 Rc4 36. Rxc4 bxc4 37. Ne5 c3 38. bxc3 a4 39. Nd3 Bf8 40. Nb4 Bd6 41. Kd3 Kg7 42. Kc4 Kh6 43. g4 Bg3 44. Kb5 Bxh4 45. c4 Be7 46. c5 Kg5 47. Nd3 Kh4 48. Ne5 Kg3 49. Nxf7 Bxc5 50. Kxc5 Kxf3 51. e5 Kxg4 52. Kd6 Kf5 53. Nh6+ Kg5 54. Kxe6 Kxh6 55. Kf6 1-0

[Event "Centenario Panaderia Pulido 2023"]
[Site "San Mateo Gran Canaria"]
[Date "2023.12.05"]
[Round "2.6"]
[White "Garbezza, Davide"]
[Black "Hernando Rodrigo, Jose Maria"]
[Result "0-1"]
[ECO "A07"]
[WhiteElo "1860"]
[BlackElo "2278"]
[Annotator "RC"]
[PlyCount "62"]
[EventDate "2023.12.04"]
[EventType "swiss"]
[EventCountry "ESP"]
[SourceTitle "playchess.com"]
[Source "ChessBase"]
[SourceQuality "1"]
[TimeControl "5400+30"]

1. Nf3 Nf6 2. b3 d5 3. Bb2 Bf5 4. d3 e6 5. g3 Be7 6. Bg2 O-O 7. O-O h6 8. Nbd2 c5 9. Re1 Nc6 10. e4 Bg6 11. a3 Qc7 12. Qe2 Rfd8 13. exd5 Nxd5 14. Ne5 Bf6 15. Nxc6 Bxb2 16. Nxd8 Rxd8 17. Nc4 Bxa1 18. Rxa1 Bf5 19. Re1 b5 20. Ne3 Nxe3 21. Qxe3 Qa5 22. Qe5 Qxa3 23. Ra1 Qb4 24. Qc7 Rf8 25. Qxa7 Qc3 26. Qa2 c4 27. bxc4 bxc4 28. Be4 Bxe4 29. dxe4 Rd8 30. Qb1 Rd2 31. Ra2 Qf3 0-1

[Event "Centenario Panaderia Pulido 2023"]
[Site "San Mateo Gran Canaria"]
[Date "2023.12.05"]
[Round "2.7"]
[White "Calzetta Ruiz, Monica"]
[Black "Guerrero Orihuela, Jose Luis"]
[Result "1-0"]
[ECO "B15"]
[WhiteElo "2239"]
[BlackElo "1901"]
[Annotator "RC"]
[PlyCount "97"]
[EventDate "2023.12.04"]
[EventType "swiss"]
[EventCountry "ESP"]
[SourceTitle "playchess.com"]
[Source "ChessBase"]
[SourceQuality "1"]
[TimeControl "5400+30"]

1. e4 c6 2. d4 d5 3. Nd2 dxe4 4. Nxe4 Nf6 5. Nxf6+ exf6 6. c3 Bd6 7. Bd3 O-O 8. Qc2 Re8+ 9. Ne2 h5 10. Be3 Be6 11. O-O Qc7 12. h3 Nd7 13. c4 Qb8 14. Rfd1 Nf8 15. Rac1 Qc8 16. Bf4 Rd8 17. Be4 Qc7 18. Bxd6 Rxd6 19. Nf4 Rad8 20. Qc3 Qd7 21. d5 cxd5 22. c5 d4 23. Qg3 Ra6 24. Nxh5 Ng6 25. a3 Bf5 26. Bxf5 Qxf5 27. Qc7 Qd7 28. Qxd7 Rxd7 29. Rc4 Rc6 30. b4 b6 31. Rcxd4 Rxd4 32. Rxd4 bxc5 33. Rc4 Ra6 34. bxc5 Rxa3 35. c6 Ne7 36. c7 Nc8 37. Rd4 Kh7 38. Rd8 Nb6 39. c8=Q Nxc8 40. Rxc8 Ra1+ 41. Kh2 Kg6 42. Nf4+ Kf5 43. g3 g5 44. Nd5 Ke5 45. Ne3 a5 46. h4 gxh4 47. gxh4 Ra4 48. Kg3 f5 49. Rc5+ 1-0

[Event "Centenario Panaderia Pulido 2023"]
[Site "San Mateo Gran Canaria"]
[Date "2023.12.05"]
[Round "2.8"]
[White "Ramos Santana, Marcelino"]
[Black "Oudeh Mishmesh, Omar"]
[Result "0-1"]
[ECO "B12"]
[WhiteElo "1830"]
[BlackElo "2247"]
[Annotator "RC"]
[PlyCount "107"]
[EventDate "2023.12.04"]
[EventType "swiss"]
[EventCountry "ESP"]
[SourceTitle "playchess.com"]
[Source "ChessBase"]
[SourceQuality "1"]
[TimeControl "5400+30"]

1. e4 c6 2. d4 d5 3. e5 Bf5 4. Nf3 e6 5. Be2 Nd7 6. O-O Bg6 7. a4 Nh6 8. a5 a6 9. Bf4 Bb4 10. Bd2 Bxd2 11. Qxd2 O-O 12. b4 f6 13. exf6 Qxf6 14. c4 Nf5 15. Nc3 Nd6 16. cxd5 exd5 17. Qg5 Rae8 18. Rfe1 Qf7 19. Rf1 Be4 20. Rae1 h6 21. Qd2 Qf6 22. h3 Kh8 23. Kh1 Nf5 24. Rd1 Qg6 25. Rg1 Nd6 26. Rde1 Qh5 27. Kh2 Qf7 28. Rgf1 Qf6 29. Kh1 Re7 30. Nh2 Qh4 31. Bg4 Ref7 32. f3 Bg6 33. Qf2 Qxf2 34. Rxf2 Nf6 35. h4 Bf5 36. Bxf5 Nxf5 37. Rd2 Nxh4 38. Na4 Nf5 39. Nc5 Re8 40. Rxe8+ Nxe8 41. Ng4 Re7 42. Ne5 Kh7 43. g4 Nfd6 44. Kg2 Nb5 45. f4 Ned6 46. Kf3 Nc4 47. Rd3 g5 48. Rd1 gxf4 49. Kxf4 Nxd4 50. Nxc4 Ne2+ 51. Kf5 dxc4 52. Rd2 c3 53. Rd1 Kg7 54. Rd2 0-1

[Event "Centenario Panaderia Pulido 2023"]
[Site "San Mateo Gran Canaria"]
[Date "2023.12.05"]
[Round "2.9"]
[White "Estremera Panos, Sergio"]
[Black "Sanchez Gonzalez, Diego"]
[Result "1-0"]
[ECO "A13"]
[WhiteElo "2232"]
[BlackElo "1858"]
[Annotator "RC"]
[PlyCount "83"]
[EventDate "2023.12.04"]
[EventType "swiss"]
[EventCountry "ESP"]
[SourceTitle "playchess.com"]
[Source "ChessBase"]
[SourceQuality "1"]
[TimeControl "5400+30"]

1. Nf3 d5 2. e3 c5 3. b3 Nf6 4. Bb2 e6 5. c4 Bd6 6. cxd5 exd5 7. Nc3 a6 8. d4 Nc6 9. Be2 O-O 10. O-O Bf5 11. Rc1 cxd4 12. Nxd4 Nxd4 13. Qxd4 Re8 14. f4 Bb8 15. Nd1 Ba7 16. Qb4 Rxe3 17. Nxe3 Bxe3+ 18. Kh1 Bxc1 19. Rxc1 b5 20. Bf3 Rc8 21. Rd1 Be6 22. h3 Qb6 23. Bd4 Qc6 24. Bxf6 gxf6 25. f5 Bxf5 26. Rxd5 Qc1+ 27. Rd1 Qe3 28. Qd6 Kg7 29. Qd4 Qxd4 30. Rxd4 Rc1+ 31. Kh2 Ra1 32. a4 bxa4 33. bxa4 Bc2 34. Bc6 Ra2 35. Rd2 Bb3 36. Rd4 f5 37. Rb4 Bc2 38. Rb6 Bd3 39. Rb4 Kf6 40. Bd5 Ke5 41. Bxa2 f6 42. Bc4 1-0

[Event "Centenario Panaderia Pulido 2023"]
[Site "San Mateo Gran Canaria"]
[Date "2023.12.05"]
[Round "2.10"]
[White "Rivero Castellano, Carlos Jesus"]
[Black "Uzcategui Rodriguez, Alejandro"]
[Result "1-0"]
[ECO "A47"]
[WhiteElo "1726"]
[BlackElo "2235"]
[Annotator "RC"]
[PlyCount "81"]
[EventDate "2023.12.04"]
[EventType "swiss"]
[EventCountry "ESP"]
[SourceTitle "playchess.com"]
[Source "ChessBase"]
[SourceQuality "1"]
[TimeControl "5400+30"]

1. d4 Nf6 2. Nf3 e6 3. e3 b6 4. Bd3 Bb7 5. Nbd2 c5 6. c3 cxd4 7. exd4 d6 8. O-O Be7 9. Re1 Nbd7 10. Qe2 O-O 11. Nf1 Re8 12. Ng5 Bf8 13. Ng3 e5 14. Qc2 g6 15. Qb3 d5 16. Bd2 h6 17. Nh3 e4 18. Bc2 Ba6 19. Bd1 Qc7 20. f3 h5 21. fxe4 dxe4 22. Bf4 Qc6 23. Be2 Bxe2 24. Rxe2 Nd5 25. Rf1 f5 26. Bg5 Qe6 27. c4 N5f6 28. Nf4 Qf7 29. Bh4 Rac8 30. Nxg6 Qxg6 31. Rxf5 Bh6 32. c5+ Kg7 33. Qb5 Qg4 34. c6 Qxh4 35. Rxf6 Qxf6 36. Nxh5+ Kg6 37. Nxf6 Nxf6 38. g4 Ng8 39. Qf5+ Kg7 40. g5 Rxc6 41. Qd7+ 1-0